[Event "Team 45 45 League T65"]
[Site "Internet Chess Club"]
[Date "2015.07.25"]
[Round "8"]
[White "MikeTtheGuru"]
[Black "alexping"]
[Result "0-1"]
[WhiteElo "2009"]
[BlackElo "1951"]
[Opening "King's Indian: fianchetto, Yugoslav, 7.O-O"]
[ECO "E65"]
[Time "12:10:53"]
[TimeControl "2700+45"]

1. c4 g6 2. Nc3 Bg7 3. g3 d6 4. Bg2 c5 5. Nf3 Nf6 6. O-O O-O 7. d4 cxd4 8. Nxd4
a6 9. b3 Qc7 10. Bb2 Nc6 11. Rc1 Nxd4 12. Qxd4 Be6 13. Rfd1 Rab8 14. Qd2 Rfd8
15. e4 Qc5 16. Nd5 Bxd5 17. cxd5 Qb5 18. Rc7 Qe8 19. Rdc1 Rdc8 20. Bd4 Rxc7 21.
Rxc7 b6 22. Rc6 Qd8 23. Qc3 Ne8 24. Bf1 Bxd4 25. Qxd4 a5 26. a4 Nf6 27. Bh3 h6
28. f4 Kh7 29. Kf2 b5 30. Bf1 bxa4 31. bxa4 Rb4 32. Rc4 Rb3 33. Bd3 Qd7 34. Rc1
Rb4 35. Rc4 Qxa4 36. Rxb4 axb4 37. Qb2 h5 38. h3 Qa7+ 39. Kf3 Qc5 40. Qb3 Qb6
41. Bc2 Qg1 42. Qb1 Qh2 43. Bd3 Qxh3 44. Qxb4 Qh1+ 45. Ke3 Ng4+ 46. Kd4 Qg1+ 47.
Kc4 Qxg3 48. Qb7 Qxf4 49. Qxe7 Ne5+ 50. Kd4 Qf2+ 51. Kc3 Qe3 52. Qxd6 Qxd3+ 53.
Kb4 Qd4+ 54. Kb3 Qxe4 55. Qf8 Qxd5+ 56. Kb2 Nd7 57. Qd8 Kg7 {White resigns} 0-1

[Event "Team 45 45 League T65"]
[Site "Internet Chess Club"]
[Date "2015.07.25"]
[Round "8"]
[White "bobhill"]
[Black "jjimalo"]
[Result "1/2-1/2"]
[WhiteElo "1992"]
[BlackElo "1869"]
[Opening "Queen's pawn: Torre attack"]
[ECO "A46"]
[Time "06:01:29"]
[TimeControl "2700+45"]

1. d4 Nf6 2. Nf3 e6 3. Bg5 d5 4. e3 Be7 5. Bd3 Nbd7 6. Nbd2 c5 7. c3 c4 8. Bc2
b5 9. O-O O-O 10. b3 Qc7 11. bxc4 bxc4 12. e4 dxe4 13. Nxe4 Bb7 14. Nxf6+ Bxf6
15. Bxf6 Nxf6 16. Ne5 Nd7 17. Nxd7 Qxd7 18. Qh5 g6 19. Qg5 Qd5 20. Qg3 Kg7 21.
Rfe1 Qd7 22. Qe5+ Kg8 23. Re3 Qd5 24. Qg3 Qd7 25. Qh4 f5 26. Rae1 Bd5 27. Rh3
Rab8 28. g4 Rf7 29. gxf5 exf5 30. Rhe3 Rbf8 31. f4 Bb7 32. Kf2 Qd5 33. Rg1 Qd8
34. Qg3 Re8 35. Rge1 Rxe3 36. Rxe3 Qd5 37. Re5 Qd7 38. h4 Rg7 39. Qe3 Rf7 40.
Re8+ Kg7 41. Qe5+ Kh6 42. Bd1 Qc6 43. h5 Qg2+ 44. Ke1 Qg3+ 45. Kd2 Qd3+ 46. Ke1
Qg3+ 47. Kd2 Qd3+ 48. Ke1 Qg3+ 49. Kd2 Qd3+ {Game drawn by repetition} 1/2-1/2

[Event "Team 45 45 League T65"]
[Site "Internet Chess Club"]
[Date "2015.07.28"]
[Round "8"]
[White "elmaestro"]
[Black "airantrobo"]
[Result "1-0"]
[WhiteElo "1815"]
[BlackElo "1667"]
[Opening "English: symmetrical, main line with d4"]
[ECO "A39"]
[Time "09:00:35"]
[TimeControl "2700+45"]

1. c4 Nf6 2. g3 g6 3. Bg2 Bg7 4. Nf3 c5 5. O-O O-O 6. Nc3 Nc6 7. d4 cxd4 8. Nxd4
d6 9. Nxc6 bxc6 10. Bxc6 Rb8 11. Bg2 Bd7 12. Qd3 Qc8 13. Re1 Bh3 14. Bh1 Rd8 15.
Rb1 Ng4 16. b3 Qc5 17. Ne4 Qa5 18. Qd2 Qb6 19. Bb2 Bxb2 20. Qxb2 f5 21. c5 dxc5
22. Ng5 Nxf2 23. Kxf2 c4+ 24. e3 Bg4 25. Qc3 Rbc8 26. bxc4 Qa6 27. c5 Rd3 28.
Qe5 Rd2+ 29. Kg1 f4 30. Qxe7 Qxa2 31. Qxh7+ Kf8 32. Qh8+ Ke7 33. Rb7+ Bd7 34.
exf4+ Re2 35. Qg7+ Ke8 36. Qxd7+ Kf8 37. Qxc8+ {Black resigns} 1-0

[Event "Team 45 45 League T65"]
[Site "Internet Chess Club"]
[Date "2015.07.24"]
[Round "8"]
[White "lacibacsi"]
[Black "willhelm"]
[Result "1-0"]
[WhiteElo "2072"]
[BlackElo "1908"]
[Opening "Ruy Lopez: exchange, Gligoric variation"]
[ECO "C69"]
[Time "16:34:13"]
[TimeControl "2700+45"]

1. e4 e5 2. Nf3 Nc6 3. Bb5 a6 4. Bxc6 dxc6 5. O-O f6 6. d4 exd4 7. Nxd4 c5 8.
Ne2 Qxd1 9. Rxd1 Bd7 10. Be3 O-O-O 11. Nbc3 Bd6 12. Bf4 Be6 13. Bxd6 cxd6 14.
Nf4 Bf7 15. Ncd5 g5 16. Nb6+ Kc7 17. Nfd5+ Bxd5 18. Nxd5+ Kc6 19. Rd3 h5 20.
Rad1 Rh7 21. Rb3 b5 22. a4 b4 23. c3 a5 24. cxb4 axb4 25. Rf3 Rf7 26. e5 dxe5
27. Nxb4+ Kc7 28. Na6+ Kc8 29. Rxd8+ Kxd8 30. Nxc5 {Black resigns} 1-0

[Event "Team 45 45 League T65"]
[Site "Internet Chess Club"]
[Date "2015.07.24"]
[Round "8"]
[White "keshavp"]
[Black "Tobiasdelmonte"]
[Result "0-1"]
[WhiteElo "1773"]
[BlackElo "1795"]
[Opening "QGD: Tarrasch, Prague variation, 9.Bg5"]
[ECO "D34"]
[Time "20:33:16"]
[TimeControl "2700+45"]

1. d4 d5 2. c4 e6 3. cxd5 exd5 4. Nc3 c5 5. Nf3 Nc6 6. g3 Nf6 7. Bg2 Be7 8. O-O
O-O 9. Bg5 c4 10. Re1 h6 11. Bxf6 Bxf6 12. Qd2 Be6 13. Rad1 Qa5 14. Qc2 Rfd8 15.
Qa4 Qxa4 16. Nxa4 b6 17. Nc3 Rac8 18. Rd2 a6 19. Red1 b5 20. e4 b4 21. Nxd5 Bxd5
22. exd5 Ne7 23. Ne1 Nxd5 24. Bxd5 Rxd5 25. Nc2 a5 26. Ne3 Rdd8 27. Ng4 Bg5 28.
f4 Be7 29. Nf2 c3 30. Rc2 Bf6 31. bxc3 bxc3 32. d5 Rc4 33. Ng4 Bd4+ 34. Kg2 h5
35. Ne5 Bxe5 36. fxe5 Rc5 37. e6 fxe6 38. d6 Rc6 39. Kh3 Kf7 40. Rd3 Rdxd6 41.
Rdxc3 Rxc3 42. Rxc3 Rd2 43. g4 hxg4+ 44. Kxg4 Rxa2 45. h4 a4 46. Rc7+ Kf6 47.
Ra7 a3 48. Kf3 Ra1 49. Ra4 a2 50. Kg2 e5 51. Ra6+ Kf5 52. Ra4 e4 53. Ra5+ Kf4
54. Ra4 g6 55. Ra8 e3 56. Ra4+ Ke5 57. Ra8 Rd1 58. Ra5+ Kf6 {White resigns} 0-1

[Event "Team 45 45 League T65"]
[Site "Internet Chess Club"]
[Date "2015.07.26"]
[Round "8"]
[White "JPSVI"]
[Black "fkramer"]
[Result "1/2-1/2"]
[WhiteElo "1541"]
[BlackElo "1794"]
[Opening "French: Fort Knox variation"]
[ECO "C03"]
[Time "20:01:02"]
[TimeControl "2700+45"]

1. d4 e6 2. e4 d5 3. Nd2 dxe4 4. Nxe4 Bd7 5. Nf3 Bc6 6. Bd3 Nd7 7. O-O Ngf6 8.
Nxf6+ Nxf6 9. c3 Bxf3 10. Qxf3 c6 11. Re1 Be7 12. Bf4 Bd6 13. a4 Bxf4 14. Qxf4
O-O 15. Bc4 Nd5 16. Bxd5 Qxd5 17. Re5 Qb3 18. Qd2 Rad8 19. Ra3 Qb6 20. a5 Qc7
21. Qc2 Rd5 22. Rxd5 exd5 23. b4 Re8 24. Ra1 Re4 25. Qd2 Qe7 26. Kf1 Qd6 27. g3
Qf6 28. Re1 Qf3 29. Kg1 Kf8 30. Re3 Rxe3 31. Qxe3 Qd1+ 32. Kg2 Qc2 33. Kh3 Qf5+
34. Kg2 Qc2 35. Kh3 Qf5+ 36. Kg2 Qc2 37. Kh3 Qf5+ {Game drawn by repetition}
1/2-1/2

[Event "Team 45 45 League T65"]
[Site "Internet Chess Club"]
[Date "2015.07.22"]
[Round "8"]
[White "OzymandiasVII"]
[Black "fireball"]
[Result "0-1"]
[WhiteElo "1741"]
[BlackElo "1627"]
[Opening "Dutch"]
[ECO "A80"]
[Time "12:02:05"]
[TimeControl "2700+45"]

1. d4 f5 2. Nf3 e6 3. Bg5 Nf6 4. c3 Be7 5. Nbd2 O-O 6. Qc2 d5 7. O-O-O Ng4 8.
Bxe7 Qxe7 9. Re1 Nxf2 10. Rg1 Ng4 11. e3 Nc6 12. h3 Nf6 13. Be2 a5 14. a3 Bd7
15. Nh2 Rfb8 16. g4 Ne4 17. Nxe4 fxe4 18. g5 b5 19. g6 h6 20. Ref1 b4 21. Rf7
Qd6 22. Ng4 bxa3 23. b3 Rb6 24. Ne5 Nxe5 25. dxe5 Qc6 26. Kd2 Rab8 27. Rb1 Be8
28. Rf4 Qc5 29. Rg4 Ba4 30. b4 Bxc2 31. bxc5 Rxb1 32. Kxc2 R8b2# {White
checkmated} 0-1

[Event "Team 45 45 League T65"]
[Site "Internet Chess Club"]
[Date "2015.07.23"]
[Round "8"]
[White "G-force"]
[Black "Goldenberg"]
[Result "0-1"]
[WhiteElo "2086"]
[BlackElo "2092"]
[Opening "Sicilian: closed"]
[ECO "B23"]
[Time "19:03:12"]
[TimeControl "2700+45"]

1. e4 c5 2. Nc3 g6 3. f4 Bg7 4. Nf3 Nc6 5. Bb5 Nd4 6. a4 a6 7. Bd3 Nf6 8. e5 Nh5
9. O-O Nxf4 10. Bc4 O-O 11. d3 Nfe6 12. Nd5 Nxf3+ 13. Qxf3 Bxe5 14. Qe4 d6 15.
Qh4 f6 16. c3 g5 17. Qh6 Kh8 18. a5 Rg8 19. Nb6 Rg6 20. Qh5 Rb8 21. Be3 Nf4 22.
Qf3 Bf5 23. d4 cxd4 24. cxd4 d5 25. Bxd5 Bc7 26. Bc4 g4 27. Qd1 Nh3+ 28. gxh3
gxh3+ 29. Kf2 Rg2+ 30. Ke1 Bg4 31. Qd3 Bxh2 32. Bf2 Qd6 33. Bd5 Qf4 34. Bh4 Qd6
35. Bf2 e5 36. Qa3 Qxa3 37. Rxa3 exd4 38. Bf3 Re8+ 39. Kd1 h5 40. Nd5 Kg7 41.
Bxd4 Be5 42. Bxe5 Rxe5 43. Nf4 Rxb2 44. Kc1 Rbb5 45. Kd2 h2 46. Bh1 Kh6 47. Nd3
Re2+ 48. Kc3 Kg5 49. Ra4 Bd7 50. Rd4 Bc6 51. Bxc6 bxc6 52. Ra4 f5 53. Rh1 c5 54.
Rc4 Rxa5 55. Nxc5 Ra3+ 56. Kb4 Raa2 57. Rd4 a5+ 58. Kb3 Reb2+ 59. Kc3 Rc2+ 60.
Kb3 Rab2+ 61. Ka3 Rg2 62. Ne6+ Kf6 63. Nf4 Rg1 64. Rd1 Rxd1 65. Rxd1 Rf2 66.
Nxh5+ Kg6 {White resigns} 0-1

[Event "Team 45 45 League T65"]
[Site "Internet Chess Club"]
[Date "2015.07.27"]
[Round "8"]
[White "RickyWang"]
[Black "ChessRooklift"]
[Result "1-0"]
[WhiteElo "1912"]
[BlackElo "1866"]
[Opening "Two knights defense (Modern bishop's opening)"]
[ECO "C55"]
[Time "20:02:09"]
[TimeControl "2700+45"]

1. e4 Nc6 2. Nf3 e5 3. Bc4 Nf6 4. d3 Be7 5. O-O d6 6. c3 Bg4 7. Nbd2 h6 8. h3
Bd7 9. d4 O-O 10. Re1 Qc8 11. Nf1 Rb8 12. Bd3 Re8 13. Ng3 Bf8 14. Bd2 a6 15. Qc2
b5 16. b4 Nd8 17. a3 c6 18. Rad1 Qc7 19. Qc1 Be6 20. c4 Bxc4 21. Bxc4 bxc4 22.
Qxc4 Qb7 23. dxe5 dxe5 24. Bc3 Nd7 25. Qd3 Nb6 26. Nxe5 Ne6 27. Nf5 Na4 28. Ba1
c5 29. Qg3 Ng5 30. Rd7 Qb6 31. h4 Rxe5 32. Bxe5 Re8 33. hxg5 {Black resigns} 1-0

[Event "Team 45 45 League T65"]
[Site "Internet Chess Club"]
[Date "2015.07.23"]
[Round "8"]
[White "ChiefPushesWood"]
[Black "JasonModer"]
[Result "0-1"]
[WhiteElo "1852"]
[BlackElo "1864"]
[Opening "Sicilian defense"]
[ECO "B40"]
[Time "10:06:57"]
[TimeControl "2700+45"]

1. e4 c5 2. Nf3 e6 3. c3 d5 4. exd5 exd5 5. Bb5+ Nc6 6. O-O Nf6 7. d4 h6 8. Ne5
Bd7 9. Nxd7 Qxd7 10. Re1+ Be7 11. dxc5 O-O 12. b4 a6 13. Ba4 Rfe8 14. Bf4 a5 15.
a3 Qf5 16. Be3 axb4 17. axb4 Ng4 18. h3 Nxe3 19. Rxe3 Bh4 20. Rxe8+ Rxe8 21. Ra2
Bf6 22. Rd2 Qe4 23. Bc2 Qe1+ 24. Kh2 d4 25. cxd4 Nxd4 26. Qxe1 Rxe1 27. Bd1 Ne6
28. f3 h5 29. g3 h4 30. gxh4 g6 31. Kg2 Bd4 32. Kg3 Kg7 33. Bc2 Be3 34. Rd3 Nd4
{White resigns} 0-1

[Event "Team 45 45 League T65"]
[Site "Internet Chess Club"]
[Date "2015.07.27"]
[Round "8"]
[White "alexkolay"]
[Black "jonesey"]
[Result "0-1"]
[WhiteElo "1865"]
[BlackElo "1863"]
[Opening "Benkö gambit half accepted"]
[ECO "A57"]
[Time "10:06:36"]
[TimeControl "2700+45"]

1. d4 Nf6 2. c4 c5 3. d5 b5 4. cxb5 a6 5. f3 e6 6. e4 Nxe4 7. fxe4 Qh4+ 8. Ke2
Qxe4+ 9. Kf2 Be7 10. Nf3 Bb7 11. Nc3 Qf5 12. Bd3 Qh5 13. dxe6 fxe6 14. bxa6 Nxa6
15. Be2 Bh4+ 16. g3 O-O 17. Bf4 Rxf4 18. Kg2 Rd4 19. Qc1 Bg5 20. Qe1 Nb4 {White
resigns} 0-1

[Event "Team 45 45 League T65"]
[Site "Internet Chess Club"]
[Date "2015.07.25"]
[Round "8"]
[White "TillyChess"]
[Black "Percival"]
[Result "1/2-1/2"]
[WhiteElo "2159"]
[BlackElo "2115"]
[Opening "French: Rubinstein variation"]
[ECO "C10"]
[Time "06:04:36"]
[TimeControl "2700+45"]

1. e4 e6 2. d4 d5 3. Nc3 dxe4 4. Nxe4 Nd7 5. Ne2 Ngf6 6. N2g3 Be7 7. Bd3 O-O 8.
O-O b6 9. Qf3 Rb8 10. c4 Bb7 11. Bf4 Nxe4 12. Bxe4 Bxe4 13. Nxe4 Nf6 14. Rad1
Nxe4 15. Qxe4 Bd6 16. b3 Bxf4 17. Qxf4 Qd6 18. Qe4 c6 19. Rd3 Rbd8 20. Rfd1 Rfe8
21. h4 Re7 22. h5 h6 23. g4 Red7 24. Kg2 Qc7 25. Rg3 c5 26. d5 exd5 27. Rxd5 Qc6
28. Rgd3 b5 29. f3 Rxd5 30. Rxd5 Rxd5 31. cxd5 Qd7 32. Qe5 c4 33. Qb8+ Kh7 34.
d6 c3 35. Qc7 Qe6 36. d7 Qe2+ 37. Kg3 Qe1+ 38. Kf4 Qd2+ 39. Kg3 Qe1+ 40. Kg2
Qe2+ 41. Kg3 Qe1+ 42. Kg2 Qe2+ 43. Kg3 {Game drawn by repetition} 1/2-1/2

[Event "Team 45 45 League T65"]
[Site "Internet Chess Club"]
[Date "2015.07.25"]
[Round "8"]
[White "lacibacsi"]
[Black "modiglani"]
[Result "1-0"]
[WhiteElo "2083"]
[BlackElo "1945"]
[Opening "Scandinavian defense"]
[ECO "B01"]
[Time "13:03:50"]
[TimeControl "2700+45"]

1. e4 d5 2. exd5 Nf6 3. d4 Bg4 4. Bb5+ Nbd7 5. f3 Bf5 6. Nc3 a6 7. Bd3 Bxd3 8.
Qxd3 Nb6 9. Nge2 Nbxd5 10. Nxd5 Nxd5 11. c4 Nb4 12. Qb3 e5 13. a3 Nc6 14. Qxb7
Na5 15. Qe4 Be7 16. dxe5 Nb3 17. Qc6+ Kf8 18. Rb1 Rb8 19. Be3 Qd3 20. Kf2 Nd2
21. Qxc7 Rd8 22. Rbc1 Qb3 23. Bc5 Bxc5+ 24. Qxc5+ Kg8 25. Qb4 Qd3 26. Qc3 Qf5
27. Rhd1 Ne4+ 28. Kg1 {Black resigns} 1-0

[Event "Team 45 45 League T65"]
[Site "Internet Chess Club"]
[Date "2015.07.26"]
[Round "8"]
[White "gera-carp75"]
[Black "Dodgy"]
[Result "0-1"]
[WhiteElo "1894"]
[BlackElo "2034"]
[Opening "Sicilian: dragon variation"]
[ECO "B70"]
[Time "12:32:10"]
[TimeControl "2700+45"]

1. e4 c5 2. Nf3 d6 3. d4 cxd4 4. Nxd4 Nf6 5. Nc3 g6 6. Bc4 Bg7 7. h3 Nc6 8. Bb3
O-O 9. Be3 Bd7 10. O-O Na5 11. Re1 Nxb3 12. axb3 a6 13. Qd3 Rc8 14. Nd5 e5 15.
Nxf6+ Qxf6 16. Nf3 h6 17. c4 Bxh3 18. Nh2 Bd7 19. Qd2 Kh7 20. Qb4 Bc6 21. Bb6
Rfe8 22. Rad1 Bf8 23. Qc3 d5 24. Ng4 Qh4 25. Qf3 dxe4 26. Qxf7+ Bg7 27. Nxe5
Rxe5 28. Rd6 Qg5 29. Be3 Qf5 {White resigns} 0-1

[Event "Team 45 45 League T65"]
[Site "Internet Chess Club"]
[Date "2015.07.27"]
[Round "8"]
[White "kidcobra"]
[Black "CaptK"]
[Result "0-1"]
[WhiteElo "1849"]
[BlackElo "1960"]
[Opening "Trompowsky attack (Ruth, Opocenský opening)"]
[ECO "A45"]
[Time "14:00:18"]
[TimeControl "2700+45"]

1. d4 Nf6 2. Bg5 Ne4 3. Bf4 g5 4. Bg3 h5 5. f3 Nxg3 6. hxg3 c5 7. e3 Bg7 8. c3
Qc7 9. Ne2 b6 10. Na3 Ba6 11. f4 g4 12. Qd2 d6 13. Nc1 Bxf1 14. Kxf1 Nd7 15. Nd3
Nf6 16. Nf2 Qc6 17. Qd3 d5 18. Re1 c4 19. Qc2 h4 20. Rxh4 Rxh4 21. gxh4 g3 22.
Nh3 Ne4 23. Ng5 Bf6 24. Qe2 Bxg5 25. hxg5 Qg6 26. Qg4 f5 27. Qh3 Kf7 28. Ke2 Kg7
29. Rh1 Nf2 30. Qh6+ Qxh6 31. Rxh6 Nd3 32. Nb5 Nxb2 33. Nc7 Rc8 34. Ne6+ Kf7 35.
Kd2 Nd3 36. Ke2 Nf2 37. Kf3 Ne4 38. Nf8 Rxf8 39. Rh7+ Ke6 40. Rh6+ Kd7 41. Rh1
Nxc3 42. Rc1 Ne4 43. Rc2 c3 44. Rc1 a5 45. a4 b5 46. axb5 a4 47. Ke2 a3 48. Kd3
a2 49. Ra1 Ra8 50. g6 Ra3 51. Kc2 Ke8 52. b6 Nd6 53. Kd3 Kf8 54. b7 Nxb7 55. e4
fxe4+ 56. Ke3 Na5 57. f5 Nb3 58. Rh1 a1=Q 59. Rxa1 Nxa1 60. Kf4 c2 61. Ke5 c1=Q
62. f6 Qg5+ 63. Ke6 Qxf6+ 64. Kd7 Qd6+ 65. Kc8 Ra8+ 66. Kb7 Qa6+ 67. Kc7 Rc8+
68. Kd7 Qc6# {White checkmated} 0-1

[Event "Team 45 45 League T65"]
[Site "Internet Chess Club"]
[Date "2015.07.23"]
[Round "8"]
[White "primerpaso"]
[Black "kidcobra"]
[Result "0-1"]
[WhiteElo "1846"]
[BlackElo "1849"]
[Opening "English, Kramnik-Shirov counterattack"]
[ECO "A21"]
[Time "19:02:04"]
[TimeControl "2700+45"]

1. c4 e5 2. Nc3 Bb4 3. g3 Bxc3 4. bxc3 Nf6 5. Bg2 c6 6. e4 O-O 7. Ne2 d5 8. cxd5
cxd5 9. exd5 Nxd5 10. O-O Nc6 11. d4 exd4 12. cxd4 Re8 13. Qd2 Bg4 14. f3 Bf5
15. g4 Bc8 16. Bb2 Ne3 17. Rfe1 Nxg2 18. Kxg2 Qh4 19. Ng3 Bd7 20. Rxe8+ Rxe8 21.
Re1 Rxe1 22. Qxe1 Qe7 23. Qc3 Qb4 24. d5 Qxc3 25. Bxc3 Ne7 26. Nh5 Nxd5 27. Bxg7
Nf4+ 28. Nxf4 Kxg7 29. Kf2 Kf6 30. Ke3 Bc6 31. Nh5+ Kg5 32. Kf2 f5 33. Kg3 fxg4
34. fxg4 b5 35. h4+ Kg6 36. Kf4 b4 37. Ke5 a5 38. Nf4+ Kf7 39. Nd3 Bd7 40. Kd6
Be6 41. Nc1 a4 42. Kc5 b3 43. axb3 axb3 44. Nd3 Bxg4 45. Kd4 Kg6 46. Kc3 Bd1 47.
Kd2 Bc2 48. Ne1 Kh5 {White forfeits on time} 0-1

[Event "Team 45 45 League T65"]
[Site "Internet Chess Club"]
[Date "2015.07.25"]
[Round "8"]
[White "MartyJR"]
[Black "pcvan"]
[Result "1-0"]
[WhiteElo "1477"]
[BlackElo "1550"]
[Opening "Queen's bishop game"]
[ECO "D02"]
[Time "11:00:14"]
[TimeControl "2700+45"]

1. d4 d5 2. Nf3 Nf6 3. Bf4 e6 4. e3 c5 5. c3 Nc6 6. Bd3 Qb6 7. Qc2 cxd4 8. exd4
Bd7 9. Nbd2 Rc8 10. a3 Na5 11. O-O Bb5 12. Bxb5+ Qxb5 13. Rab1 Be7 14. Ne5 O-O
15. Qd1 Nc6 16. Ndf3 Nxe5 17. Nxe5 Nd7 18. Nxd7 Qxd7 19. Qg4 Rc4 20. Rfe1 Bf6
21. Be5 Bxe5 22. Rxe5 Qb5 23. Qd1 Re8 24. Qd3 f6 25. Rh5 g6 26. Rh3 e5 27. b3 e4
28. Qf1 {Black resigns} 1-0

[Event "Team 45 45 League T65"]
[Site "Internet Chess Club"]
[Date "2015.07.22"]
[Round "8"]
[White "ElMarginal"]
[Black "KidRattler"]
[Result "1-0"]
[WhiteElo "1665"]
[BlackElo "1684"]
[Opening "Dunst (Sleipner, Heinrichsen) opening"]
[ECO "A00"]
[Time "19:01:02"]
[TimeControl "2700+45"]

1. Nc3 d6 2. Nf3 c6 3. e4 Qc7 4. Be2 g6 5. d4 Bg7 6. O-O Bg4 7. h3 Bxf3 8. Bxf3
Nd7 9. Be3 e5 10. d5 Ngf6 11. Qd3 Nb6 12. dxc6 bxc6 13. Rad1 Rd8 14. a4 O-O 15.
a5 Nc8 16. Qc4 Ne7 17. Nb5 Qxa5 18. Nxd6 Rd7 19. Rd3 Ne8 20. Nf5 Qd8 21. Rxd7
Qxd7 22. Rd1 Qb7 23. Nxe7+ Qxe7 24. Bc5 Qc7 25. Qc3 Nf6 26. Bd6 Qc8 27. Bxf8
Bxf8 28. Qxe5 Nd7 29. Qd4 Nb6 30. e5 Be7 31. Ra1 c5 32. Qe4 Qc7 33. Rd1 Kf8 34.
Be2 Nd7 35. f4 f5 36. Qa8+ Kg7 37. Bc4 Nxe5 38. fxe5 Qxe5 39. Qxa7 Kh6 40. Qd7
Qe3+ 41. Kh1 Bf6 42. c3 Be5 43. Bg8 Qg3 44. Qxh7+ Kg5 45. h4+ Kf4 46. Qh6+ Kg4
47. Qxg6+ Kxh4 48. Qxg3+ Bxg3 49. Rd5 Bf2 50. Rxf5 c4 51. Rxf2 Kg5 52. Bxc4 Kg6
53. Kh2 Kg5 54. Kg3 Kg6 55. Kg4 Kh6 56. Rf6+ Kg7 57. Kg5 Kh8 58. Bd3 Kg7 59. g4
Kh8 60. Kg6 Kg8 61. Rf7 Kh8 62. Ra7 Kg8 63. Ra8# {Black checkmated} 1-0

[Event "Team 45 45 League T65"]
[Site "Internet Chess Club"]
[Date "2015.07.25"]
[Round "8"]
[White "QuimCatala"]
[Black "gokuxxx"]
[Result "0-1"]
[WhiteElo "1370"]
[BlackElo "1479"]
[Opening "KP: Nimzovich defense"]
[ECO "B00"]
[Time "17:00:49"]
[TimeControl "2700+45"]

1. e4 Nc6 2. d4 d5 3. e5 Bf5 4. Bb5 Qd7 5. Nc3 a6 6. Ba4 e6 7. a3 b5 8. Bb3 Na5
9. Nf3 Nxb3 10. cxb3 Ne7 11. b4 Ng6 12. O-O Be7 13. Bg5 f6 14. exf6 gxf6 15. Bh4
O-O 16. Qd2 Kh8 17. Rfe1 Bg4 18. Qe3 Bxf3 19. Qxf3 Nxh4 20. Qh5 Nf5 21. Rad1
Rab8 22. Rd3 Rg8 23. Rh3 Rg7 24. Rd1 Rbg8 25. Kf1 Bd6 26. Ne2 Rg4 27. f3 Ne3+
28. Kg1 Rxg2+ 29. Kh1 Nxd1 30. Ng3 Rxb2 31. Kg1 Nf2 32. Rh4 Bxg3 33. hxg3 Rxg3+
34. Kf1 Nd1 35. Rg4 Ne3+ 36. Ke1 Nxg4 {White resigns} 0-1

[Event "Team 45 45 League T65"]
[Site "Internet Chess Club"]
[Date "2015.07.25"]
[Round "8"]
[White "bradleyguo175"]
[Black "Skeptic1972"]
[Result "1-0"]
[WhiteElo "1739"]
[BlackElo "1594"]
[Opening "Queen's Indian: 4.Nc3"]
[ECO "E12"]
[Time "10:08:20"]
[TimeControl "2700+45"]

1. d4 e6 2. c4 Nf6 3. Nf3 b6 4. Nc3 Bb7 5. e3 c5 6. Be2 cxd4 7. exd4 d5 8. O-O
dxc4 9. Bxc4 Nd5 10. Nxd5 Bxd5 11. Bxd5 Qxd5 12. Bf4 Nc6 13. Rc1 Bd6 14. Bxd6
Qxd6 15. Qa4 O-O 16. Qxc6 {Black resigns} 1-0

[Event "Team 45 45 League T65"]
[Site "Internet Chess Club"]
[Date "2015.07.22"]
[Round "8"]
[White "Insan996"]
[Black "idjit"]
[Result "0-1"]
[WhiteElo "1598"]
[BlackElo "1660"]
[Opening "Bogo-Indian defense, Grünfeld variation"]
[ECO "E11"]
[Time "18:36:49"]
[TimeControl "2700+45"]

1. d4 Nf6 2. Nf3 e6 3. c4 Bb4+ 4. Nbd2 O-O 5. a3 Be7 6. e4 d6 7. Bd3 e5 8. dxe5
dxe5 9. Nxe5 Qd4 10. Ndf3 Qb6 11. O-O Ng4 12. Qe2 Bc5 13. Nxg4 Bxg4 14. h3 Bh5
15. b4 Bd4 16. Rb1 Nd7 17. c5 Bxf3 18. Qxf3 Qe6 19. Bf4 Ne5 20. Bxe5 Qxe5 21.
Bc4 Rae8 22. Rfe1 Bc3 23. Re2 Qd4 24. Bb3 Re7 25. Rd1 Qf6 26. Qxf6 Bxf6 27. f4
g6 28. e5 Bg7 29. Red2 Bh6 30. g3 Rfe8 31. Kf2 g5 32. Kf3 gxf4 33. gxf4 Kg7 34.
Rg2+ Kf8 35. Rgd2 Kg7 36. Rg2+ Kf8 37. Rg4 b6 38. c6 a5 39. b5 Rc8 40. Rdg1 Ke8
41. Rh4 Rd8 42. Ke4 Bf8 43. Rxh7 f5+ 44. Kxf5 Rxh7 45. Kg4 Rg7+ {White resigns}
0-1

[Event "Team 45 45 League T65"]
[Site "Internet Chess Club"]
[Date "2015.07.23"]
[Round "8"]
[White "pokerram"]
[Black "fireball"]
[Result "1-0"]
[WhiteElo "1798"]
[BlackElo "1618"]
[Opening "French: Steinitz, Boleslavsky variation"]
[ECO "C11"]
[Time "12:01:43"]
[TimeControl "2700+45"]

1. e4 e6 2. d4 d5 3. Nc3 Nf6 4. e5 Nfd7 5. f4 c5 6. Nf3 Nc6 7. Be3 Qb6 8. Na4
Qa5+ 9. c3 c4 10. b4 Qa6 11. Nc5 Nxc5 12. dxc5 b6 13. a4 Qb7 14. b5 Na5 15. c6
Qc7 16. Be2 a6 17. Nd4 Bc5 18. Kf2 Bxd4 19. Bxd4 Nb3 20. Rb1 axb5 21. axb5 Ra5
22. Rxb3 cxb3 23. Qxb3 Qa7 24. Qb4 Ra2 25. Qd6 Rf8 26. c7 Bd7 27. Bxb6 Qa3 28.
c8=Q+ {Black resigns} 1-0

[Event "Team 45 45 League T65"]
[Site "Internet Chess Club"]
[Date "2015.07.25"]
[Round "8"]
[White "Ajolote"]
[Black "nanning"]
[Result "1/2-1/2"]
[WhiteElo "1664"]
[BlackElo "1633"]
[Opening "Four knights: double Ruy Lopez"]
[ECO "C49"]
[Time "12:01:02"]
[TimeControl "2700+45"]

1. e4 e5 2. Nf3 Nc6 3. Bb5 Nf6 4. Nc3 Bb4 5. Nd5 Nxd5 6. exd5 e4 7. dxc6 dxc6 8.
Be2 exf3 9. Bxf3 Qe7+ 10. Qe2 Qxe2+ 11. Bxe2 O-O 12. c3 Bd6 13. O-O Re8 14. Bf3
Bf5 15. d4 Bd3 16. Rd1 Bc2 17. Rf1 Bd3 18. Rd1 Bc2 19. Rf1 Bd3 20. Rd1 {Game
drawn by repetition} 1/2-1/2

[Event "Team 45 45 League T65"]
[Site "Internet Chess Club"]
[Date "2015.07.23"]
[Round "8"]
[White "Heian"]
[Black "santiagoelawad"]
[Result "1-0"]
[WhiteElo "1870"]
[BlackElo "2059"]
[Opening "Caro-Kann: advance variation"]
[ECO "B12"]
[Time "19:00:19"]
[TimeControl "2700+45"]

1. e4 c6 2. d4 d5 3. e5 Bf5 4. Nf3 e6 5. Bd3 Bxd3 6. Qxd3 Qa5+ 7. c3 Qa6 8. Qxa6
Nxa6 9. O-O Ne7 10. Na3 h5 11. Nc2 Rc8 12. Bd2 Nb8 13. Rac1 Nd7 14. Ne3 g6 15.
h4 Bh6 16. g3 Bxe3 17. Bxe3 Nf5 18. Bg5 O-O 19. Rfe1 c5 20. Be3 b5 21. Kh2 Rc7
22. Bd2 Rfc8 23. dxc5 Nxc5 24. Re2 Kf8 25. Nd4 a6 26. Nxf5 gxf5 27. Be3 Ke8 28.
Bd4 Rc6 29. f3 Na4 30. g4 fxg4 31. fxg4 hxg4 32. Rg1 Nc5 33. Bxc5 Rxc5 34. Rxg4
Rc4 35. Kh3 Kf8 36. Reg2 Rxg4 37. Rxg4 Rc4 38. Rxc4 bxc4 39. Kg4 f5+ 40. exf6 e5
41. h5 d4 42. cxd4 exd4 43. Kf3 Kf7 44. Ke4 d3 45. Ke3 a5 46. b3 cxb3 47. axb3
Kxf6 48. Kxd3 Kg5 49. Kc4 Kxh5 50. Kb5 Kg5 51. Kxa5 Kf5 52. Kb6 Ke5 53. b4 Kd6
54. b5 Kd7 55. Kb7 Kd6 56. b6 Kd7 57. Ka7 Kc6 58. b7 {Black resigns} 1-0

[Event "Team 45 45 League T65"]
[Site "Internet Chess Club"]
[Date "2015.07.24"]
[Round "8"]
[White "SilentKnight"]
[Black "kabindra"]
[Result "1-0"]
[WhiteElo "1683"]
[BlackElo "1870"]
[Opening "QGD: exchange, positional line"]
[ECO "D35"]
[Time "20:00:48"]
[TimeControl "2700+45"]

1. d4 Nf6 2. c4 e6 3. Nc3 d5 4. cxd5 exd5 5. Bg5 Be7 6. e3 O-O 7. Bd3 b6 8. Qc2
h6 9. Bxf6 Bxf6 10. Nge2 c6 11. O-O Na6 12. a3 Bb7 13. Nf4 c5 14. Nfxd5 cxd4 15.
Nxf6+ Qxf6 16. exd4 Qxd4 17. Rad1 Qg4 18. Be4 Bxe4 19. Nxe4 Rac8 20. Qa4 Qe2 21.
Nd6 Rc7 22. Nf5 Nc5 23. Qf4 Ne6 24. Qg3 Qxb2 25. Nxh6+ Kh7 26. Nf5 Qf6 27. Ne3
Rc5 28. Rd7 Rg5 29. Qh4+ Kg8 30. Rxa7 Nf4 31. Kh1 Ng6 32. Qb4 Nf4 33. Qe7 Qg6
34. Rd1 Nxg2 35. Qxf8+ Kh7 36. Ra8 Qc6 37. Qh8+ Kg6 38. Qe8 Nxe3+ 39. Qxc6+
{Black resigns} 1-0